 Dungeon Crawl Stone Soup version 0.17-a0-1166-g7747787 (webtiles) character file.

3097 AnnoyedKobold the Fighter (level 9, 63/63 HPs)
             Began as a Gargoyle Berserker on May 29, 2015.
             Was an Elder of Trog.
             Quit the game on level 6 of the Dungeon.
             The game lasted 00:19:08 (6847 turns).

AnnoyedKobold the Fighter (Gargoyle Berserker)      Turns: 6847, Time: 00:19:08

Health: 63/63      AC: 13    Str: 28    XL:     9   Next: 90%
Magic:  9/9        EV:  8    Int:  7    God:    Trog [****..]
Gold:   245        SH:  7    Dex:  7    Spells: 0 memorised, 8 levels left

rFire  . . .     SeeInvis +     C - +0 whip (flame)
rCold  . . .     Clarity  .     k - +0 leather armour
rNeg   + . .     SustAt   .     s - +0 shield
rPois  ∞         Gourm    .     b - +2 helmet {SInv}
rElec  +         Spirit   .     h - +0 cloak
rCorr  .         Warding  .     (no gloves)
rMut   .         Stasis   .     n - +1 pair of boots
MR     .....                    (no amulet)
Stlth  +.........               (no ring)
                                d - +3 ring of strength

@: not resistant to hostile enchantments, very unstealthy
A: clumsy 1, deformed body, negative energy resistance 1, electricity
resistance, unbreathing, petrification resistance, rot immunity, MP-powered
wands, AC +5
a: Burn Spellbooks, Berserk, Trog's Hand, Brothers in Arms, Renounce Religion


You were on level 6 of the Dungeon.
You worshipped Trog.
Trog was greatly pleased with you.
You were very hungry.

You visited 1 branch of the dungeon, and saw 6 of its levels.

You collected 245 gold pieces.

Inventory:

Hand weapons
 a - a +0 mace
 A - a +1 vampiric spear
 C - a +0 whip of flaming (weapon)
Armour
 b - a +2 helmet of see invisible (worn)
 h - a +0 cloak (worn)
 k - a +0 leather armour (worn)
 n - a +1 pair of boots (worn)
 s - a +0 shield (worn)
 z - a +0 ring mail
Jewellery
 d - a +3 ring of strength (left hand)
Magical devices
 m - a wand of slowing (20)
 o - a wand of cold (3)
 t - a wand of draining (4)
 B - a wand of disintegration (6)
Scrolls
 g - a scroll of noise {unknown}
 j - 3 scrolls of remove curse {unknown}
 p - 2 scrolls of immolation {unknown}
 v - a scroll of magic mapping {unknown}
 w - a scroll of recharging {unknown}
 x - a scroll of enchant weapon {unknown}
 y - 2 scrolls of blinking
 D - a scroll of fear {unknown}
Potions
 e - 4 potions of curing
 i - a potion of ambrosia
 l - a potion of berserk rage
 q - 2 potions of magic
 r - a potion of might
Comestibles
 c - 3 bread rations
 f - a meat ration
 u - 2 beef jerkies


   Skills:
 + Level 10.8 Fighting
 + Level 10.0 Maces & Flails
 - Level 2.1 Armour
 - Level 1.7 Dodging


You had 8 spell levels left.
You didn't know any spells.

Dungeon Overview and Level Annotations

Branches:
Dungeon (6/15)
 Temple: D:4-7

Altars:
Ashenzari
Kikubaaqudgha
Nemelex Xobeh
Qazlal
Ru
Trog
Xom
Zin


Innate Abilities, Weirdness & Mutations

You are resistant to torment.
Your stone body is resilient (AC +5).
You are immune to poison.
You resist negative energy.
You are resistant to electric shocks.
You can survive without breathing.
You are immune to petrification.
You are immune to rotting.
You are clumsy. (Dex -2)
Armour fits poorly on your strangely shaped body.
You expend magic power (3 MP) to strengthen your wands.


Message History

Things that are here:
a hand axe of chopping; a leather armour You start resting.
You are feeling hungry.
You start resting.
HP restored.
You start waiting.
All of the chunks of flesh in your inventory have rotted away.
Found a falchion.
Found 3 gold pieces.
You are feeling very hungry.
You swap places.
You now have 245 gold pieces (gained 3).
You swap places.
You swap places.
A worker ant comes into view.
The worker ant twitches its antennae in your direction.
A worker ant is nearby!
A wight comes into view. It is wielding a halberd.
Are you sure you want to abandon this character and quit the game? (Confirm with "yes".)

##.##..###..#
#.....
#.##.......#
#..####
##..........
#... #
#...............
#
##...........#..
#...........# #.
##........
#..##.........
#.....@.......
#.##..........
##.........
#.a...#...
##........
#.....z..
#........
#........


You could see a worker ant and a wight.

Vanquished Creatures
  Pikel (D:6)
  Grinder (D:4)
  Sigmund (D:3)
  Eustachio (D:6)
  Menkaure (D:4)
  A sky beast (D:5)
  A water moccasin (D:6)
  A black bear (D:6)
  3 ogres
  A phantom (D:5)
  A centaur (D:6)
  Blork the orc (D:4)
  A gnoll sergeant (D:5)
  4 giant frogs (D:6)
  2 wights (D:6)
  A quasit (D:6)
  2 crimson imps (D:5)
  2 hounds
  A giant frog zombie (D:5)
  A centaur skeleton (D:4)
  Ijyb (D:3)
  An iguana (D:6)
  10 orc wizards
  4 worker ants
  A hound skeleton (D:6)
  3 gnolls (D:5)
  3 adders
  A shadow imp (D:3)
  A white imp (D:6)
  3 oozes
  A worm (D:5)
  5 giant geckos
  11 orcs
  2 ball pythons
  15 bats
  3 bat skeletons
  4 giant cockroaches
  15 goblins
  10 hobgoblins
  10 kobolds
  4 jackals
  A quokka (D:5)
  A quokka skeleton (D:5)
  A quokka zombie (D:5)
  10 rats
149 creatures vanquished.

Vanquished Creatures (others)
  A slave (D:6)
  A wight (D:6)
  An iguana (D:6)
  A kobold (D:6)
4 creatures vanquished.

Grand Total: 153 creatures vanquished

Notes
Turn   | Place    | Note
--------------------------------------------------------------
     0 | D:1      | AnnoyedKobold the Gargoyle Berserker began the quest for the Orb.
     0 | D:1      | Reached XP level 1. HP: 14/14 MP: 1/1
    89 | D:1      | Reached XP level 2. HP: 16/19 MP: 2/2
   842 | D:1      | Reached XP level 3. HP: 18/24 MP: 3/3
  1230 | D:2      | Found an ancient bone altar of Kikubaaqudgha.
  1238 | D:2      | Acquired Trog's second power
  1656 | D:2      | Found a sacrificial altar of Ru.
  1668 | D:2      | Reached skill level 4 in Fighting
  1891 | D:3      | Noticed an ogre
  1908 | D:3      | Killed an ogre
  1908 | D:3      | Reached XP level 4. HP: 25/30 MP: 4/4
  1908 | D:3      | Reached XP level 5. HP: 28/34 MP: 5/5
  2084 | D:3      | Reached skill level 5 in Fighting
  2160 | D:3      | Noticed Ijyb
  2175 | D:3      | Killed Ijyb
  2211 | D:3      | Noticed Sigmund
  2220 | D:3      | Killed Sigmund
  2220 | D:3      | Reached skill level 5 in Maces & Flails
  2220 | D:3      | Reached XP level 6. HP: 41/41 MP: 6/6
  2284 | D:3      | Found a shimmering altar of Xom.
  2527 | D:3      | Found a bloodstained altar of Trog.
  2528 | D:3      | Found a stormy altar of Qazlal.
  2606 | D:4      | Noticed Menkaure
  2611 | D:4      | Killed Menkaure
  2611 | D:4      | Reached skill level 6 in Fighting
  2611 | D:4      | Reached XP level 7. HP: 47/47 MP: 7/7
  2708 | D:4      | Noticed Blork the orc
  2720 | D:4      | Killed Blork the orc
  2960 | D:4      | Found a sparkling altar of Nemelex Xobeh.
  3123 | D:4      | Noticed Grinder
  3140 | D:4      | Killed Grinder
  3140 | D:4      | Reached skill level 7 in Fighting
  3432 | D:4      | Reached XP level 8. HP: 49/53 MP: 8/8
  3733 | D:5      | Entered Level 5 of the Dungeon
  3761 | D:5      | Reached skill level 8 in Fighting
  4427 | D:5      | Gained mutation: You expend magic power (3 MP) to strengthen your wands. [mutagenic meat]
  4428 | D:5      | Gained mutation: Armour fits poorly on your strangely shaped body. [mutagenic meat]
  4430 | D:5      | Gained mutation: You are clumsy. (Dex -2) [mutagenic meat]
  4470 | D:5      | Reached skill level 9 in Fighting
  4658 | D:5      | Reached XP level 9. HP: 20/60 MP: 9/9
  4968 | D:5      | Found a glowing silver altar of Zin.
  5052 | D:5      | Acquired Trog's third power
  5516 | D:6      | Found a shattered altar of Ashenzari.
  5540 | D:6      | Noticed Eustachio
  5569 | D:6      | Killed Eustachio
  5931 | D:6      | Noticed Pikel
  5942 | D:6      | Killed Pikel
  5942 | D:6      | Reached skill level 10 in Fighting
  6574 | D:6      | Reached skill level 10 in Maces & Flails
  6847 | D:6      | Quit the game

Vault maps used:
D:1:      scummos_arrival_hexagon, grunt_decor_clamped
D:2:      kiku_gazebo_pond_becter, nicolae_ru_sacrificial_ziggurat
D:3:      lemuel_doored_altar, minitemple, uniq_iyjb, uniq_sigmund
D:4:      first_bread, grunt_ministairs_9, nemelex_xobeh_ov_fountains_minmay,
          uniq_menkaure, uniq_grinder, uniq_blork_the_orc
D:5:      nicolae_overflow_hidden_temple
D:6:      nicolae_ashenzari_panopticon, uniq_eustachio, uniq_pikel

Action                   |  1- 3 |  4- 6 |  7- 9 || total
-------------------------+-------+-------+-------++-------
Melee: Mace              |   136 |    86 |   419 ||   641
       Whip              |       |       |   123 ||   123
Invok: Berserk           |     1 |     2 |     6 ||     9
       Burn Spellbooks   |       |       |     1 ||     1
  Use: Scroll            |       |       |     4 ||     4
       Potion            |       |       |     6 ||     6
  Eat: Chunk             |     3 |     5 |    18 ||    26
       Royal jelly       |       |       |     1 ||     1
       Meat ration       |       |       |     1 ||     1
